 Dungeon Crawl Stone Soup version 0.20-a0-351-gc9b4002 (webtiles) character file.

78484 seren the Destroyer (level 15, 0/132 HPs)
             Began as a Yellow Draconian Wizard on Dec 21, 2016.
             Was a High Priest of Sif Muna.
             Slain by an alligator snapping turtle (31 damage)
             ... on level 1 of the Shoals on Dec 26, 2016.
             The game lasted 05:35:42 (42576 turns).

seren the Destroyer (Yellow Draconian Wizard)      Turns: 42576, Time: 05:35:43

Health: 0/132      AC: 20    Str: 15    XL:     15   Next: 18%
Magic:  24/29      EV: 26    Int: 26    God:    Sif Muna [*****.]
Gold:   1257       SH:  0    Dex: 21    Spells: 1/34 levels left

rFire  . . .     SeeInvis +     y - +6 quarterstaff "Oxto" {freeze, Dex+6}
rCold  . . .     Gourm    .     (armour unavailable)
rNeg   . . .     Faith    +     (shield currently unavailable)
rPois  +         Spirit   .     D - +2 hat {SInv}
rElec  .         Reflect  .     J - +2 cloak {MR+}
rCorr  +         Harm     .     m - +2 pair of gloves
MR     ++...                    F - +2 pair of boots
Stlth  +++.......               k - amulet of faith
                                l - ring of poison resistance
                                t - ring "Facety" {+Fly Int+2}

@: mighty, agile, repel missiles
A: spit acid, acid resistance, unfitting armour, mutation resistance 1, acidic
bite, cold-blooded, AC +9
a: Breathe Acid, Divine Energy, Channel Magic, Forget Spell, Renounce Religion,
Evoke Flight


You were on level 1 of the Shoals.
You worshipped Sif Muna.
Sif Muna was extremely pleased with you.
You were very hungry.

You visited 5 branches of the dungeon, and saw 25 of its levels.
You also visited: Labyrinth.

You collected 1655 gold pieces.
You spent 398 gold pieces at shops.

Inventory:

Hand Weapons
 e - a +1 scimitar of flaming
 y - the +6 quarterstaff "Oxto" (weapon) {freeze, Dex+6}
   (You found it on level 4 of the Dungeon)

   It has been specially enchanted to freeze those struck by it, causing extra
   injury to most foes and up to half again as much damage against particularly
   susceptible opponents.
   It can also slow down cold-blooded creatures.
   It affects your dexterity (+6).
Missiles
 s - 3 throwing nets (quivered)
Armour
 m - a +2 pair of gloves (worn)
 D - a +2 hat of see invisible (worn)
 F - a +2 pair of boots (worn)
 J - a +2 cloak of magic resistance (worn)
 L - a +0 buckler
Magical Staves
 w - an uncursed staff of conjuration
Jewellery
 k - an amulet of faith (around neck)
 l - a ring of poison resistance (right hand)
 o - an uncursed ring of protection from cold
 t - the ring "Facety" (left hand) {+Fly Int+2}
   (You took it off an orc on level 6 of the Dungeon)

   [ring of flight]

   It affects your intelligence (+2).
   It lets you fly.
 W - an uncursed amulet of regeneration
Wands
 H - a wand of disintegration (6/24)
 K - a wand of acid (8/15)
Scrolls
 d - a scroll of fear
 g - 5 scrolls of teleportation
 n - 2 scrolls of magic mapping
 p - 5 scrolls of identify
 r - 12 scrolls of remove curse
 x - 5 scrolls of fog
Potions
 a - a potion of heal wounds
 f - a potion of haste
 h - a potion of magic
 i - 2 potions of berserk rage
 u - 3 potions of might
 E - 2 potions of brilliance
 G - 5 potions of lignification
 I - a potion of flight
 O - a potion of cancellation
 V - 4 potions of curing
Books
 v - the Papyrus of Aid
   (You found it in a labyrinth)

   Spells                             Type                      Level
   a - Ozocubu's Armour               Charms/Ice                   3
   b - Iskenderun's Battlesphere      Conjuration/Charms           5
 C - a book of Geomancy

   Spells                             Type                      Level
   a - Sandblast                      Earth                        1
   b - Passwall                       Transmutation/Earth          2
   c - Stone Arrow                    Conjuration/Earth            3
   d - Petrify                        Transmutation/Earth          4
   e - Lee's Rapid Deconstruction     Earth                        5
 S - a book of the Sky

   Spells                             Type                      Level
   a - Summon Lightning Spire         Summoning/Air                4
   b - Airstrike                      Air                          4
   c - Silence                        Hexes/Air                    5
   d - Deflect Missiles               Charms/Air                   6
   e - Conjure Ball Lightning         Conjuration/Air              6
   f - Tornado                        Air                          9
 T - Sif Muna's Collected Works on Mutagenic Weightlessness
   (Sif Muna gifted it to you on level 6 of the Lair of Beasts)

   Spells                             Type                      Level
   a - Lightning Bolt                 Conjuration/Air              5
   b - Poisonous Cloud                Conjuration/Poison/Air       5
   c - Statue Form                    Transmutation/Earth          6
   d - Chain Lightning                Conjuration/Air              8
 Y - a book of Power

   Spells                             Type                      Level
   a - Fulminant Prism                Conjuration/Hexes            4
   b - Iskenderun's Mystic Blast      Conjuration                  4
   c - Venom Bolt                     Conjuration/Poison           5
   d - Bolt of Magma                  Conjuration/Fire/Earth       5
   e - Iron Shot                      Conjuration/Earth            6
   f - Orb of Destruction             Conjuration                  7
   g - Spellforged Servitor           Conjuration/Summoning        7
Miscellaneous
 U - a phantom mirror
Comestibles
 b - 16 fruits
 c - 10 bread rations
 A - 5 slices of pizza
 B - 4 meat rations
 X - a beef jerky


   Skills:
 + Level 11.7 Fighting
 - Level 10.0 Staves
 + Level 9.8 Dodging
 - Level 1.7 Stealth
 - Level 4.8 Shields
 - Level 10.2 Spellcasting
 - Level 14.1 Conjurations
 - Level 2.1 Summonings
 - Level 2.2 Translocations
 - Level 2.9 Fire Magic
 - Level 5.9 Air Magic
 - Level 4.0 Earth Magic
 - Level 5.1 Invocations


You had one spell level left.
You knew the following spells:

 Your Spells              Type           Power        Failure   Level  Hunger
a - Magic Dart            Conj           ####         0%          1    None
b - Blink                 Tloc           N/A          2%          2    None
c - Iskenderun's Battles  Conj/Chrm      ######..     10%         5    ####...
d - Conjure Flame         Conj/Fire      ######..     1%          3    None
e - Mephitic Cloud        Conj/Pois/Air  #####...     1%          3    None
f - Apportation           Tloc           ###.......   1%          1    None
g - Summon Butterflies    Summ           ###.....     1%          1    None
h - Iron Shot             Conj/Erth      ######....   17%         6    #####..
l - Lightning Bolt        Conj/Air       ######....   1%          5    ####...
m - Iskenderun's Mystic   Conj           ######..     1%          4    None
r - Repel Missiles        Chrm/Air       ####..       1%          2    None


Dungeon Overview and Level Annotations

Branches:
Dungeon (14/15)            Temple (1/1) D:4            Lair (6/6) D:8
 Shoals (2/4) Lair:3        Snake (0/4) Lair:2        Slime (0/5) Lair:6
    Orc (2/2) D:10            Elf (0/3) Orc:2
 Vaults: D:13-14

Altars:
Ashenzari
Cheibriados
Dithmenos
Elyvilon
Fedhas
Gozag
Hepliaklqana
Kikubaaqudgha
Makhleb
Nemelex Xobeh
Okawaru
Qazlal
Ru
Sif Muna
Trog
Uskayaw
Vehumet
Xom
Yredelemnul
Zin
The Shining One
Beogh

Shops:
Orc:2 (:}[

Annotations:
D:11 Graouh's ghost, journeyman MiFi
D:14 !wizard
Lair:4 catoblepas
Lair:5 exclusion: hydra
Lair:6 exclusions: death yak and hydra
Orc:1 need to finish mines, Snorg
Orc:2 exclusion: upstairs


Innate Abilities, Weirdness & Mutations

You can spit globs of acid.
You are resistant to acid.
Your golden yellow scales are hard. (AC +9)
You cannot fit into any form of body armour.
You have acidic saliva.
You are cold-blooded and may be slowed by cold attacks.
You are somewhat resistant to further mutation.


Message History

Aim: an alligator snapping turtle (heavily wounded)
The magic dart hits the alligator snapping turtle.
The alligator snapping turtle is heavily wounded.
Your battlesphere fires!
The barrage of energy hits the alligator snapping turtle.
The alligator snapping turtle is heavily wounded.
The alligator snapping turtle closely misses you.
You are too injured to fight recklessly!
You sock the alligator snapping turtle!
You freeze the alligator snapping turtle.
You bite the alligator snapping turtle.
The alligator snapping turtle is splashed with acid.
The alligator snapping turtle is severely wounded.
The alligator snapping turtle barely misses you.
You sock the alligator snapping turtle!
You freeze the alligator snapping turtle.
You tail-slap the alligator snapping turtle, but do no damage.
The alligator snapping turtle is severely wounded.
The alligator snapping turtle bites you!!
You die...

...≈≈≈≈≈≈≈≈≈≈≈≈≈≈≈≈≈≈≈≈≈........≈
....≈≈≈≈≈≈≈≈≈≈≈≈≈≈≈≈≈≈≈...##.≈≈≈≈
.....≈≈≈≈≈≈≈≈≈≈≈≈≈≈≈≈....####.≈≈.
#....≈≈≈≈≈≈≈≈≈≈≈≈≈≈≈....####.≈≈≈
##..≈≈≈≈.....≈≈≈≈≈).#....P≈≈≈PP
###....≈≈......≈≈≈≈>≈.##..≈≈≈≈.≈≈
...............≈≈)*≈≈≈..≈≈≈P≈≈..P
.....##.######..≈≈≈)≈≈≈≈≈≈≈P≈≈..≈
..≈≈....# ##t@.(≈≈≈≈≈≈≈≈≈≈P≈PP
≈≈≈≈...## ####.)#...≈≈≈≈≈≈P≈≈PPP
≈≈≈≈...# #..≈≈..#..≈≈≈≈≈≈...≈PP
≈≈≈≈..## #.≈≈≈.....≈≈≈≈≈≈....P≈
≈≈≈..## #.≈≈≈≈.......≈≈..P..≈≈
≈≈..# #..≈≈≈≈≈≈....≈≈.....≈≈ ≈..#
#..≈≈≈≈≈............≈P ..#
...≈≈≈≈≈≈≈≈.......≈.... .#
.≈≈≈≈≈≈≈≈≈≈≈............


You could see an alligator snapping turtle and a friendly battlesphere.

Vanquished Creatures
  An orc warlord (Orc:2)
  A minotaur (Lab)
  Erica (D:8)
  Fannar (D:11)
  7 hydras
  A centaur warrior (D:13)
  8 two-headed ogres
  4 orc high priests (Orc:2)
  A tengu warrior (D:13)
  A sea snake (Lair:3)
  3 harpies (Shoals:1)
  Pikel (D:9)
  A deep elf mage (D:9)
  An ugly thing (D:12)
  5 orc sorcerers
  4 orc knights (Orc:2)
  3 cyclopes
  2 manticores (D:13)
  9 elephants
  A merfolk siren (Lair:3)
  3 black mambas
  4 gargoyles
  9 spiny frogs
  A kobold demonologist (D:11)
  10 komodo dragons
  A rime drake (Lair:4)
  2 tengu conjurers
  An efreet (D:13)
  5 trolls
  5 harpy zombies (Shoals:1)
  2 hornets
  4 merfolk (Shoals:1)
  18 blink frogs
  12 slime creatures
  4 dream sheep
  9 hippogriffs
  2 snapping turtles (Shoals:1)
  A centaur simulacrum (D:14)
  Sigmund (D:5)
  4 wyverns
  Eustachio (D:7)
  35 yaks
  A basilisk (Lair:3)
  4 hungry ghosts
  A steam dragon (Lair:5)
  5 wargs
  9 vampire mosquitoes
  An insubstantial wisp (Lair:6)
  A soldier ant (D:12)
  13 porcupines
  17 water moccasins
  2 black bears
  2 sky beasts (D:13)
  7 ice beasts
  3 slaves
  A phantom (D:5)
  45 orc warriors
  An eye of draining (D:11)
  29 ogres
  8 centaurs
  5 wolves
  15 crocodiles
  6 big kobolds
  A hippogriff zombie (Shoals:1)
  21 bullfrogs
  3 gnoll sergeants (D:10)
  4 scorpions
  9 killer bees
  4 wights (D:11)
  2 spriggan skeletons (Lab)
  An electric eel (Lair:1)
  9 crimson imps
  3 centaur zombies
  A quasit (D:8)
  A bullfrog zombie (D:7)
  21 jellies
  9 hounds
  33 orc priests
  23 orc wizards
  4 bullfrog skeletons
  5 centaur skeletons
  4 iguanas
  Ijyb (D:2)
  7 worker ants
  A killer bee zombie (D:7)
  An ogre skeleton (Lab)
  A hound zombie (D:8)
  A hound skeleton (D:7)
  2 worker ant zombies
  13 gnolls
  13 adders
  6 shadow imps
  2 oozes
  2 adder skeletons
  An adder zombie (D:5)
  2 worms
  4 dart slugs
  7 leopard geckos
  134 orcs
  A bat zombie (Shoals:1)
  4 giant cockroaches
  7 hobgoblins
  3 jackals (D:2)
  12 kobolds
  5 quokkas
  A ball python (D:2)
  8 bats
  6 frilled lizards
  8 goblins
  A jackal skeleton (D:9)
  A leopard gecko skeleton (D:5)
  4 rats
  A fungus (Lair:6)
  3 plants
787 creatures vanquished.

Vanquished Creatures (collateral kills)
  The ghost of azzavlup the Transmogrifier, a novice DrTm (D:8)
  An orc warrior (D:5)
  An orc wizard (D:5)
  2 orcs (D:5)
5 creatures vanquished.

Vanquished Creatures (others)
  A howler monkey zombie (D:9)
  A bush (Lair:5)
  27 fungi
  11 plants
40 creatures vanquished.

Grand Total: 832 creatures vanquished

Notes
Turn   | Place    | Note
-------+----------+-------------------------------------------
     0 | D:1      | seren the Draconian Wizard began the quest for the Orb.
     0 | D:1      | Reached XP level 1. HP: 14/14 MP: 4/4
   811 | D:1      | Reached XP level 2. HP: 20/20 MP: 0/6
  1269 | D:2      | Learned a level 2 spell: Blink
  1272 | D:2      | Learned a level 2 spell: Repel Missiles
  1286 | D:2      | Reached skill level 2 in Conjurations
  1465 | D:2      | Noticed Ijyb
  1534 | D:2      | Killed Ijyb
  1534 | D:2      | Reached skill level 3 in Conjurations
  1534 | D:2      | Reached XP level 3. HP: 16/26 MP: 2/7
  1952 | D:2      | Found an iron altar of Okawaru.
  2031 | D:2      | Reached skill level 1 in Fighting
  2125 | D:2      | Found a basalt altar of Yredelemnul.
  2466 | D:3      | Reached XP level 4. HP: 30/36 MP: 0/9
  2473 | D:3      | Learned a level 2 spell: Call Imp
  3744 | D:3      | Reached XP level 5. HP: 45/45 MP: 4/10
  3822 | D:4      | Learned a level 3 spell: Conjure Flame
  3903 | D:4      | Got a twisted quarterstaff
  3906 | D:4      | Noticed an ogre
  3936 | D:4      | Identified the +6 quarterstaff "Oxto" {freeze, Dex+6} (You found it on level 4 of the Dungeon)
  3988 | D:4      | Found a staircase to the Ecumenical Temple.
  3993 | Temple   | Entered the Ecumenical Temple
  3999 | Temple   | Became a worshipper of Sif Muna the Loreminder
  4265 | D:4      | Found a sacrificial altar of Ru.
  4348 | D:4      | Found an ancient bone altar of Kikubaaqudgha.
  4579 | D:3      | HP: 2/45 [iguana (10)]
  4875 | D:4      | Reached skill level 4 in Conjurations
  5182 | D:4      | Found a sparkling altar of Nemelex Xobeh.
  5262 | D:5      | Entered Level 5 of the Dungeon
  5262 | D:5      | Noticed Sigmund
  5504 | D:5      | Reached XP level 6. HP: 46/51 MP: 7/11
  5663 | D:5      | Reached skill level 1 in Fire Magic
  6392 | D:5      | Reached skill level 5 in Conjurations
  6794 | D:5      | Your scales start taking on a golden yellow colour.
  6794 | D:5      | Reached XP level 7. HP: 57/57 MP: 3/12
  7241 | D:6      | Reached * piety under Sif Muna
  7525 | D:6      | Noticed Eustachio
  8108 | D:5      | Reached skill level 5 in Fighting
  8125 | D:5      | Learned a level 3 spell: Mephitic Cloud
  8362 | D:6      | Reached skill level 1 in Invocations
  8362 | D:6      | Reached XP level 8. HP: 68/68 MP: 10/14
  8373 | D:6      | Got a wavering turquoise ring
  8399 | D:6      | Identified the ring "Facety" {+Fly Int+2} (You took it off an orc on level 6 of the Dungeon)
  8609 | D:5      | Reached skill level 1 in Air Magic
  9234 | D:7      | Found a hide-covered altar of Uskayaw.
  9234 | D:7      | Noticed a hippogriff
  9379 | D:7      | Noticed a hornet
  9500 | D:7      | Found a hazy altar of Hepliaklqana.
  9598 | D:7      | Killed Eustachio
  9859 | D:7      | Reached skill level 5 in Dodging
  9895 | D:7      | Killed a hornet
  9895 | D:7      | Reached skill level 5 in Spellcasting
  9895 | D:7      | Reached XP level 9. HP: 65/75 MP: 11/16
 10380 | D:7      | Learned a level 2 spell: Repel Missiles
 10497 | D:8      | Noticed azzavlup's ghost (novice DrTm)
 10697 | D:9      | Noticed a two-headed ogre
 10818 | D:8      | Reached ** piety under Sif Muna
 11058 | D:8      | Found a staircase to the Lair.
 11071 | Lair:1   | Entered Level 1 of the Lair of Beasts
 11071 | Lair:1   | Noticed a komodo dragon
 11937 | D:8      | Noticed Erica
 12271 | D:5      | Killed Sigmund
 12620 | D:8      | Killed Erica
 12620 | D:8      | Reached XP level 10. HP: 31/92 MP: 17/20
 12949 | D:8      | Killed azzavlup's ghost
 12949 | D:8      | Reached skill level 10 in Fighting
 13014 | D:8      | Found a bloodstained altar of Trog.
 13262 | D:8      | Reached skill level 6 in Conjurations
 13767 | D:8      | Reached *** piety under Sif Muna
 13958 | Lair:1   | Reached skill level 7 in Conjurations
 14200 | Lair:1   | Reached skill level 1 in Shields
 14437 | Lair:1   | Noticed an eight-headed hydra
 14451 | Lair:1   | Killed a seven-headed hydra
 14464 | Lair:1   | Noticed a spiny frog
 14750 | Lair:1   | Killed a spiny frog
 15327 | Lair:1   | Reached XP level 11. HP: 65/101 MP: 18/21
 16001 | Lair:1   | Reached skill level 8 in Conjurations
 16292 | Lair:2   | Noticed a four-headed hydra
 17000 | Lair:1   | Killed a one-headed hydra
 17000 | Lair:1   | Reached skill level 9 in Conjurations
 17291 | Lair:2   | Reached **** piety under Sif Muna
 18365 | Lair:1   | Upgraded the game from 0.20-a0-331-g5b3579f to 0.20-a0-345-gbfb25ec
 18664 | Lair:1   | Reached XP level 12. HP: 46/110 MP: 17/25
 19153 | Lair:2   | Found a staircase to the Snake Pit.
 19855 | Lair:3   | Noticed a six-headed hydra
 19889 | Lair:2   | Killed a six-headed hydra
 19989 | Lair:3   | Noticed a four-headed hydra
 20449 | Lair:3   | Found a staircase to the Shoals.
 20592 | Lair:3   | Killed a one-headed hydra
 20950 | Lair:4   | Noticed a catoblepas
 21718 | Lair:3   | HP: 5/110 [poisoned by a spiny frog]
 21725 | Lair:3   | HP: 5/110 [poisoned by a spiny frog]
 22494 | Lair:4   | Reached skill level 1 in Staves
 23339 | Lair:6   | Entered Level 6 of the Lair of Beasts
 23442 | Lair:5   | Reached skill level 5 in Staves
 23551 | Lair:5   | Noticed a five-headed hydra
 24209 | Lair:5   | Upgraded the game from 0.20-a0-345-gbfb25ec to 0.20-a0-350-ga83eecc
 24502 | Lair:6   | Reached ***** piety under Sif Muna
 24502 | Lair:6   | Identified Sif Muna's Collected Works on Mutagenic Weightlessness (Sif Muna gifted it to you on level 6 of the Lair of Beasts)
 24502 | Lair:6   | Received a gift from Sif Muna
 24525 | Lair:5   | Learned a level 5 spell: Lightning Bolt
 25323 | Lair:6   | Noticed an eight-headed hydra
 25449 | Lair:6   | Reached XP level 13. HP: 96/116 MP: 24/26
 25599 | Lair:6   | Reached skill level 10 in Conjurations
 26075 | Lair:6   | Found a staircase to the Slime Pits.
 26704 | D:9      | Noticed Pikel
 26954 | D:9      | Killed Pikel
 27985 | D:10     | Entered Level 10 of the Dungeon
 29221 | D:10     | Learned a level 4 spell: Iskenderun's Mystic Blast
 29254 | D:10     | Found a staircase to the Orcish Mines.
 29870 | Orc:1    | Entered Level 1 of the Orcish Mines
 30676 | D:11     | Noticed Fannar
 30746 | D:11     | Killed Fannar
 30749 | D:11     | Received a gift from Sif Muna
 30749 | D:11     | Reached skill level 11 in Conjurations
 31077 | D:10     | Reached skill level 5 in Air Magic
 31668 | Orc:2    | Entered Level 2 of the Orcish Mines
 32059 | Orc:1    | Reached skill level 10 in Spellcasting
 32092 | Orc:1    | Noticed Snorg
 33113 | Orc:2    | Found a roughly hewn altar of Beogh.
 33140 | Orc:1    | Noticed a stone giant
 33173 | Orc:2    | Reached skill level 10 in Staves
 33566 | Orc:2    | Found Searuz's Book Emporium.
 33583 | Orc:2    | Gained mutation: You have acidic saliva. [Yellow Draconian growth]
 33583 | Orc:2    | Reached XP level 14. HP: 124/124 MP: 26/28
 33731 | Orc:2    | Found Odoodum's Antique Weapon Shoppe.
 33774 | Orc:2    | Reached skill level 5 in Invocations
 34063 | Orc:2    | Identified Sif Muna's Almanac of the Hidden Vale (Sif Muna gifted it to you on level 2 of the Orcish Mines)
 34063 | Orc:2    | Received a gift from Sif Muna
 34145 | Orc:2    | Bought a book of Cantrips for 260 gold pieces
 34148 | Orc:2    | Learned a level 1 spell: Apportation
 34558 | Orc:2    | Found a staircase to the Elven Halls.
 34796 | Orc:2    | Noticed an orc warlord
 34814 | Orc:2    | Killed an orc warlord
 34814 | Orc:2    | Reached skill level 12 in Conjurations
 34956 | Orc:2    | Upgraded the game from 0.20-a0-350-ga83eecc to 0.20-a0-351-gc9b4002
 35068 | Orc:2    | Found a roughly hewn altar of Beogh.
 35275 | Orc:2    | Found Tiuphol's Armour Shop.
 35307 | Orc:2    | Bought a +0 cloak of magic resistance for 138 gold pieces
 35787 | Orc:2    | Found Ceus Ped's Gadget Shoppe.
 36145 | Orc:2    | Paralysed by an orc sorcerer for 4 turns
 36152 | Orc:2    | Reached skill level 13 in Conjurations
 36356 | D:11     | Received a gift from Sif Muna
 36360 | D:11     | Learned a level 1 spell: Summon Butterflies
 36459 | D:11     | Noticed Graouh's ghost (journeyman MiFi)
 36541 | D:11     | Found a stormy altar of Qazlal.
 37193 | D:12     | Found a labyrinth entrance.
 37212 | D:12     | Gained mutation: You are somewhat resistant to further mutation. [potion of beneficial mutation]
 37215 | Lab      | Entered a labyrinth
 37364 | Lab      | Identified the Papyrus of Aid
 37380 | Lab      | Got a translucent dagger
 37390 | D:12     | Identified the +5 dagger "Quthimm" {pain, Str+3} (You found it in a labyrinth)
 37869 | D:12     | Learned a level 5 spell: Iskenderun's Battlesphere
 37984 | D:12     | Got a bloodstained short sword
 37985 | D:12     | Identified the +5 short sword of Purpose {venom, rPois rC+} (You found it on level 12 of the Dungeon)
 38512 | D:13     | Reached skill level 14 in Conjurations
 38862 | D:13     | Learned a level 6 spell: Iron Shot
 39006 | D:13     | Reached skill level 1 in Earth Magic
 39581 | D:13     | Received a gift from Sif Muna
 41021 | D:12     | Reached XP level 15. HP: 111/129 MP: 24/29
 41166 | Shoals:1 | Entered Level 1 of the Shoals
 42576 | Shoals:1 | Slain by an alligator snapping turtle

Vault maps used:
D:1:      saegor_arrival_simple_c
D:2:      yredelemnul_altar_generic, lemuel_crystal_altar,
          kennysheep_generic_room_4, uniq_iyjb
D:4:      kiku_gazebo_pond_becter, hangedman_ru_absence, old_standard_altar,
          first_bread
D:5:      uniq_sigmund
D:6:      uniq_eustachio
D:7:      lemuel_doored_altar, nicolae_overflow_crystal_walls
D:8:      kennysheep_mini_moat, due_lair_maze_entry_diamond, uniq_erica
D:9:      uniq_pikel
D:10:     kennysheep_orc_monster_closet_entryway
D:11:     basic_altar, uniq_fannar
D:12:     lab_entry_generic
D:13:     hangedman_ranch
D:14:     grunt_vaults_entry_fortified, enter_trove_3, kennysheep_pointless_box
Temple:   dshaligram_water_room_temple
Lair:1:   lemuel_fruit_fields, serial_bayou_shore_a
Lair:2:   dummy_snake_entry, st_stairs_3, grunt_megastairs_2
Lair:3:   minmay_shoals_entry_lonely_mermaid
Lair:4:   lemuel_fruit_fields
Lair:6:   evil_forest, minmay_slime_entry_jelly_boxes, pond
Shoals:1: nicolae_shoals_undead_eyrie
Shoals:2: cheibrodos_shoals_gigantism, uniq_polyphemus
Orc:1:    uniq_snorg
Orc:2:    pubby_orc_utopia, serial_shops
Lab:      nicolae_lab_dead_adventurers, lab_statue

Skill      XL: |  1  2  3  4  5  6  7  8  9 10 11 12 13 14 |
---------------+-------------------------------------------+-----
Conjurations   | 3 4 5 7 9 11 14 | 14.1
Fighting       | 1 3 5 6 9 10 11 | 11.7
Summonings     | 2 |  2.1
Fire Magic     | 1 2 |  2.9
Dodging        | 2 3 5 6 9 |  9.8
Spellcasting   | 4 5 7 9 10 | 10.2
Invocations    | 1 4 5 |  5.1
Air Magic      | 2 3 4 5 |  5.9
Translocations | 2 |  2.2
Shields        | 4 |  4.8
Staves         | 5 10 | 10.0
Earth Magic    | 4 |  4.0
Stealth        | |  1.7

Action                   |  1- 3 |  4- 6 |  7- 9 | 10-12 | 13-15 || total
-------------------------+-------+-------+-------+-------+-------++-------
Melee: Unarmed           |    27 |       |       |       |       ||    27
       Club              |    16 |       |       |       |       ||    16
       Tailslap          |     9 |     8 |    29 |    88 |   205 ||   339
       Short sword       |    56 |    74 |   125 |   481 |       ||   736
       Dagger            |     5 |       |       |       |       ||     5
       Quarterstaff      |       |    45 |   106 |   315 |  1407 ||  1873
       Scimitar          |       |       |       |    19 |    29 ||    48
       Bite              |       |       |       |       |    86 ||    86
Throw: Throwing net      |       |       |       |       |     1 ||     1
 Cast: Magic Dart        |    62 |   139 |   117 |   102 |   327 ||   747
       Call Imp          |       |     3 |     5 |    12 |       ||    20
       Blink             |       |       |     5 |    17 |     3 ||    25
       Conjure Flame     |       |       |     2 |    17 |    18 ||    37
       Mephitic Cloud    |       |       |    11 |    65 |    80 ||   156
       Lightning Bolt    |       |       |       |    10 |    79 ||    89
       Repel Missiles    |       |       |       |     1 |     6 ||     7
       Iskenderun's Myst |       |       |       |       |     9 ||     9
       Iskenderun's Batt |       |       |       |       |    23 ||    23
       Apportation       |       |       |       |       |     3 ||     3
       Summon Butterflie |       |       |       |       |     1 ||     1
Invok: Divine Energy     |       |       |     1 |       |       ||     1
       Stop Divine Energ |       |       |       |     1 |       ||     1
       Forget Spell      |       |       |       |       |     1 ||     1
 Abil: Breathe Acid      |       |       |     4 |     5 |       ||     9
Evoke: Wand              |       |       |     2 |       |       ||     2
  Use: Scroll            |       |     3 |    16 |    11 |    15 ||    45
       Potion            |       |       |     2 |     7 |     7 ||    16
 Stab: Sleeping          |     2 |     3 |     1 |       |     2 ||     8
       Distracted        |       |       |     1 |     1 |     2 ||     4
       Confused          |       |       |     7 |    21 |    45 ||    73
  Eat: Chunk             |     5 |    13 |    16 |    28 |    57 ||   119
       Fruit             |       |       |     2 |    12 |     5 ||    19
       Pizza             |       |       |     1 |       |     1 ||     2
       Royal jelly       |       |       |       |     1 |     1 ||     2
       Bread ration      |       |       |       |     1 |       ||     1
       Meat ration       |       |       |       |       |     1 ||     1
Armor: Skin              |    32 |    53 |    58 |   287 |   322 ||   752
Dodge: Dodged            |    67 |   108 |   134 |   672 |  1047 ||  2028
       Deflected         |       |       |       |       |    26 ||    26
Block: Buckler           |       |       |       |    63 |       ||    63
       Rpst.: Scimitar   |       |       |       |     4 |     9 ||    13
